Description

Serral vs HeroMarine

Replay - HeroMarine v Serral: Game 1 - Year Zero LE

Build Order

Get SALT Encoding   

  12  0:00  Drone  
  13  0:13  Overlord  
  13  0:24  Drone  
  14  0:31  Drone x2  
  16  0:51  Hatchery  
  16  0:54  Drone x2  
  16  1:01  Drone  
  18  1:12  Extractor  
  18  1:16  Spawning Pool  
  16  1:19  Drone x2  
  18  1:29  Drone  
  19  1:40  Drone  
  20  1:50  Drone  
  21  2:00  Overlord  
  21  2:03  Queen x2  
  21  2:05  Zergling x2  
  26  2:12  Drone  
  26  2:14  Zergling x2  
  26  2:15  Metabolic Boost  
  28  2:23  Drone x2  
  30  2:39  Hatchery  
  30  2:43  Drone x2  
  31  2:49  Queen  
  33  2:53  Overlord  
  33  2:57  Drone x3  
  36  3:14  Drone x4  
  36  3:16  Overlord  
  36  3:17  Zergling x2  
  41  3:22  Drone  
  41  3:24  Queen  
  44  3:34  Overlord  
  44  3:37  Zergling x2  
  44  3:39  Drone  
  46  3:45  Drone x4  
  50  3:50  Overlord  
  50  3:52  Drone  
  51  3:56  Overlord, Queen  
  51  3:59  Evolution Chamber  
  52  4:03  Drone x3  
  52  4:07  Queen  
  57  4:10  Drone x2  
  57  4:16  Drone x6  
  62  4:22  Drone  
  65  4:29  Zerg Ground Armor Level 1  
  65  4:32  Baneling Nest  
  65  4:33  Spore Crawler, Drone  
  65  4:37  Queen  
  66  4:39  Zergling x2  
  66  4:43  Drone x3  
  70  4:49  Spore Crawler x2, Extractor x2  
  66  4:53  Lair  
  66  4:54  Drone x3  
  66  4:59  Drone x3  
  69  5:06  Drone x4  
  72  5:14  Drone x7  
  79  5:24  Drone x3  
  79  5:28  Extractor x2  
  81  5:31  Drone x2  
  81  5:32  Overlord  
  81  5:37  Overlord x3  
  81  5:38  Evolution Chamber  
  81  5:40  Drone  
  80  5:51  Overseer  
  80  5:52  Centrifical Hooks  
  80  5:54  Drone  
  80  5:56  Zergling x6  
  84  6:01  Hatchery, Zergling x12  
  88  6:05  Overseer  
  88  6:08  Zergling x4  
  88  6:10  Zerg Melee Weapons Level 1  
  90  6:11  Overlord  
  90  6:13  Zergling x8  
  94  6:23  Hydralisk Den  
  93  6:27  Extractor  
  93  6:28  Drone x7  
  93  6:29  Hydralisk Den  
  93  6:32  Zerg Missile Weapons Level 1  
  97  6:35  Drone  
  97  6:36  Infestation Pit  
  97  6:41  Spore Crawler, Drone x6  
  102  6:49  Baneling x5  
  102  6:50  Drone x3  
  102  6:53  Extractor  
  104  6:58  Pneumatized Carapace  
  104  7:00  Grooved Spines  
  104  7:01  Extractor, Muscular Augments, Drone x2  
  104  7:06  Spore Crawler  
  104  7:11  Overlord x2  
  104  7:16  Queen  
  104  7:19  Drone x2  
  104  7:22  Overlord  
  108  7:29  Hydralisk x6  
  113  7:48  Drone x4  
  113  7:49  Baneling x3  
  117  7:55  Hive  
  117  7:56  Hydralisk x7  
  117  7:58  Overseer  
  131  8:06  Drone x2  
  131  8:10  Overseer  
  133  8:13  Hydralisk x5  
  133  8:16  Drone  
  133  8:17  Overlord x3  
  139  8:31  Zerg Missile Weapons Level 2  
  139  8:32  Drone x3  
  142  8:35  Hatchery  
  142  8:38  Hydralisk x4  
  149  8:47  Spire  
  148  8:49  Hydralisk x2  
  148  8:53  Zergling x14  
  157  8:58  Overlord x2  
  158  9:06  Viper x3  
  167  9:10  Spine Crawler  
  167  9:12  Overlord x2  
  166  9:24  Viper  
  166  9:25  Baneling x12  
  169  9:32  Hydralisk x4  
  177  9:41  Hydralisk x4  
  178  9:54  Hydralisk x5  
  178  9:56  Extractor x2  
Spawning Tool Build Advisor. Get it on Overwolf

Go to:

Details

  • Created by: Anhellik
  • Published on: Jul 21, 2019
  • Modified on: Jul 21, 2019
  • Patch: 4.7.1
Show
View Real Time Build Order
Export as new Build Order

Comments (0)

There are no comments. Be the first!

Create an account to comment!